 Dungeon Crawl Stone Soup version 0.25-a0-109-ge9c0e85935 (webtiles) character file.

Game seed: 7904374064338089085, levelgen mode: deterministic

166629 vurker the Severer (level 18, -12/158 (163) HPs)
             Began as a Formicid Abyssal Knight on Nov 18, 2019.
             Was the Champion of Lugonu.
             Killed from afar by Jorgrun (53 damage)
             ... with an iron shot
             ... on level 3 of the Snake Pit.
             The game lasted 01:17:27 (51632 turns).

vurker the Severer (Formicid Abyssal Knight)       Turns: 51632, Time: 01:17:28

HP:   -12/158 (163) AC: 19    Str: 26    XL:     18   Next: 23%
MP:   10/10         EV: 13    Int: 13    God:    Lugonu [******]
Gold: 1412          SH: 19    Dex: 10    Spells: 17/17 levels left

rFire    + + .     SeeInvis +   M - +2 broad axe (antimagic)
rCold    + . .     Gourm    .   K - +0 large shield
rNeg     . . .     Faith    +   l - +2 plate armour {rPois}
rPois    +         Spirit   .   (helmet unavailable)
rElec    .         Reflect  .   E - scarf {rC+ rF+}
rCorr    .         Harm     .   j - +1 pair of gloves
MR       +....                  r - +2 pair of boots {run}
Stlth    ..........             P - amulet of faith
HPRegen  0.36/turn              v - +6 ring of evasion
MPRegen  0.12/turn              i - ring of protection from fire

@: lethally poisoned (-12 -> -14), quick
A: permanent stasis, dig shafts and tunnels, four strong arms, antennae 3,
robust 1, strong 1
}: 1/15 runes: decaying
a: Dig, Shaft Self, Depart the Abyss, Bend Space, Banish, Corrupt, Enter the
Abyss, Brand Weapon With Distortion, Renounce Religion


You were on level 3 of the Snake Pit.
You worshipped Lugonu.
Lugonu was exalted by your worship.
You were not hungry.

You visited 5 branches of the dungeon, and saw 30 of its levels.
You visited the Abyss 1 time.
You also visited: Ice Cave.

You collected 2894 gold pieces.
You spent 1482 gold pieces at shops.

Inventory:

Hand Weapons
 a - a +2 battleaxe of electrocution
   (You took it off an orc warrior on level 12 of the Dungeon)
 b - a +2 demon whip of draining
   (You found it on level 6 of the Lair of Beasts)
 J - a +6 executioner's axe of freezing
   (You took it off Rupert on level 12 of the Dungeon)
 M - a +2 antimagic broad axe (weapon)
   (You found it on level 1 of the Lair of Beasts)
 S - the +10 hunting sling of Bloody Death {speed, *Drain rElec rF+ Int+4, unknown}
   (You found it on level 2 of the Snake Pit)

   Attacks with this weapon are significantly faster.
   It affects your intelligence (+4).
   It protects you from fire.
   It insulates you from electricity.
   It causes draining when unequipped.
Missiles
 z - 2 throwing nets (quivered)
Armour
 j - a +1 pair of gloves (worn)
   (You found it on level 1 of the Lair of Beasts)
 l - a +2 plate armour of poison resistance (worn)
   (You bought it in a shop on level 2 of the Orcish Mines)
 r - a +2 pair of boots of running (worn)
   (You acquired it on level 2 of the Snake Pit)
 D - a +0 cloak of poison resistance
   (You acquired it on level 5 of the Lair of Beasts)
 E - a scarf of resistance (worn)
   (You found it on level 2 of the Dungeon)
 F - a +0 plate armour of magic resistance
   (You bought it in a shop on level 5 of the Dungeon)
 K - a +0 large shield (worn)
   (You found it on level 12 of the Dungeon)
 N - a +1 pair of boots of flying
   (You found it on level 3 of the Lair of Beasts)
Jewellery
 i - a ring of protection from fire (right hand)
   (You found it on level 2 of the Dungeon)
 v - a +6 ring of evasion (left hand)
   (You found it on level 7 of the Dungeon)
 P - an amulet of faith (around neck)
   (You found it on level 2 of the Snake Pit)
Wands
 c - a wand of disintegration (16)
   (You found it on level 1 of the Lair of Beasts)
 d - a wand of iceblast (23)
   (You found it on level 8 of the Dungeon)
 o - a wand of polymorph (22)
   (You found it on level 4 of the Dungeon)
 t - a wand of flame (26)
   (You found it on level 10 of the Dungeon)
 u - a wand of paralysis (4)
   (You found it on level 7 of the Dungeon)
 x - a wand of acid (17)
   (You found it in an ice cave)
 y - a wand of enslavement (12)
   (You found it on level 13 of the Dungeon)
Scrolls
 f - 10 scrolls of enchant armour
 g - 14 scrolls of remove curse
 m - a scroll of silence
 B - 5 scrolls of fear
 C - 6 scrolls of magic mapping
 I - 6 scrolls of fog
 L - a scroll of brand weapon
 O - a scroll of immolation
 Q - 3 scrolls of identify
Potions
 h - 12 potions of curing
 k - a potion of resistance
 n - 5 potions of might
 p - 4 potions of ambrosia
 q - 7 potions of agility
 s - a potion of invisibility
 w - 3 potions of mutation
 A - a potion of heal wounds
 G - 2 potions of brilliance {unknown}
 H - a potion of cancellation
 T - a potion of flight
Comestibles
 e - 56 rations


   Skills:
 + Level 15.0 Fighting
 * Level 18.6 Axes
 + Level 4.2 Armour
 + Level 3.0 Dodging
 + Level 12.7 Shields
 + Level 16.1 Invocations
 - Level 10.0 Evocations


You had 17 spell levels left.
You didn't know any spells.
Your spell library contained the following spells:

 Spells                   Type           Power        Failure   Level  Hunger
 Animate Skeleton         Necr           N/A          100%        1    ##.....
 Apportation              Tloc           #.....       100%        1    ##.....
 Confusing Touch          Hex            #.....       100%        1    ##.....
 Corona                   Hex            #......      100%        1    ##.....
 Infusion                 Chrm           #...         100%        1    ##.....
 Summon Small Mammal      Summ           #...         100%        1    ##.....
 Call Imp                 Summ           #.......     100%        2    ###....
 Ensorcelled Hibernation  Hex/Ice        #.....       100%        2    ###....
 Poisonous Vapours        Pois/Air       #.....       100%        2    ###....
 Shroud of Golubria       Chrm/Tloc      #.....       100%        2    ###....
 Slow                     Hex            #.......     100%        2    ###....
 Song of Slaying          Chrm           #.......     100%        2    ###....
 Call Canine Familiar     Summ           #.......     100%        3    ####...
 Conjure Flame            Conj/Fire      #.......     100%        3    ####...
 Gell's Gravitas          Tloc           #.........   100%        3    ####...
 Inner Flame              Hex/Fire       #.......     100%        3    ####...
 Lesser Beckoning         Tloc           #.........   100%        3    ####...
 Mephitic Cloud           Conj/Pois/Air  #.......     100%        3    ####...
 Portal Projectile        Hex/Tloc       #.....       100%        3    ####...
 Regeneration             Chrm/Necr      #.........   100%        3    ####...
 Spectral Weapon          Hex/Chrm       #.......     100%        3    ####...
 Summon Guardian Golem    Hex/Summ       #.......     100%        3    ####...
 Teleport Other           Tloc           #.......     100%        3    ####...
 Cause Fear               Hex            #.........   100%        4    #####..
 Leda's Liquefaction      Hex/Erth       #.........   100%        4    #####..
 Passage of Golubria      Tloc           N/A          100%        4    #####..
 Summon Ice Beast         Ice/Summ       #.......     100%        4    #####..
 Summon Lightning Spire   Summ/Air       #.......     100%        4    #####..
 Borgnjor's Vile Clutch   Necr/Erth      #.........   100%        5    ######.
 Silence                  Hex/Air        #.........   100%        5    ######.
 Darkness                 Hex            #.........   100%        6    #######
 Freezing Cloud           Conj/Ice/Air   #.........   100%        6    #######
 Shadow Creatures         Summ           N/A          100%        6    #######
 Ring of Flames           Chrm/Fire      #.........   100%        7    #######
 Blink                    Tloc           Unusable     N/A         2    N/A

Dungeon Overview and Level Annotations

Branches:
Dungeon (15/15)            Temple (0/1) D:6            Lair (6/6) D:8
  Swamp (4/4) Lair:3        Snake (3/4) Lair:3        Slime (0/5) Lair:6
    Orc (2/2) D:12            Elf (0/3) Orc:2        Vaults (0/5) D:13
 Depths (0/5) D:15          IceCv (visited)

Altars:
Elyvilon
Gozag
Makhleb
Nemelex Xobeh
Ru
Sif Muna
Trog

Shops:
D:5 [   D:6 *   D:10 }   D:11 !   Orc:2 [:**

Portals:
Pandemonium: Orc:2

Annotations:
D:3 1 runed translucent door, Crazy Yiuf
D:15 2 transporters, Seug Goo's ghost, journeyman MiBe
Lair:2 3 runed translucent doors, Deavvycs's ghost, journeyman TrHu
Swamp:1 3 runed translucent doors, DEFE's ghost, adept DrFi
Swamp:4 corrupted
Snake:1 corrupted
Snake:3 Jorgrun
Abyss:1 Sonja


Innate Abilities, Weirdness & Mutations

You cannot be hasted, slowed, berserked, paralysed or teleported.
You can dig through walls and to a lower floor.
Your four strong arms can wield two-handed weapons with a shield.
You have a pair of large antennae on your head. (SInv)
You are robust. (+10% HP)
Your muscles are strong. (Str +2)


Message History

The poison arrow hits you.
You are poisoned.
You partially resist. The naga mage spits poison at you.
You block the splash of poison. Jorgrun misses you.
You slash Jorgrun! You slash the naga mage! You barely miss the naga mage.
You feel sick. You block the naga mage's attack. The naga mage grabs you.
The naga mage constricts you.
The naga mage gestures at you while chanting.
The poison arrow hits you!
You are more poisoned.
You partially resist.
You slice Jorgrun!! You slash the naga mage!
Lightning courses through the naga mage!
You kill the naga mage!
Lugonu accepts your kill.
You barely miss the naga mage.
You feel sick. The naga mage closely misses you.
You block the naga mage's attack. You block Jorgrun's attack.
You hit Jorgrun. You closely miss the naga mage.
You feel sick.
You block the naga mage's attack. x2; Jorgrun closely misses you.
You miss Jorgrun. You slice the naga mage!!
Lightning courses through the naga mage!
You kill the naga mage!
Lugonu accepts your kill.
You feel sick. Jorgrun casts a spell at you.
The wall shatters!
The blast of rock fragments hits you!
* * * LOW HITPOINT WARNING * * *
Your +2 battleaxe of electrocution stops crackling.
You feel magic leave you.
M - a +2 antimagic broad axe (weapon)
You slice Jorgrun!!
Jorgrun's magic leaks into the air.
You feel sick. Jorgrun barely misses you.
Your plate armour prevents you from hitting Jorgrun.
You feel sick. Jorgrun closely misses you.
You closely miss Jorgrun. You hit Jorgrun but do no damage.
You feel sick.
Jorgrun says, "A few more walls knocked out 'ere an' thar an' 'tis whole place will come crashin' down."
Jorgrun points at you and mumbles some strange words.
You resist with some effort.
You slash Jorgrun!
Jorgrun's magic leaks into the air.
You feel sick. Jorgrun gestures at you while chanting.
The wall shatters!
The blast of rock fragments hits you!!
* * * LOW HITPOINT WARNING * * *
You miss Jorgrun. You block Jorgrun's attack.
You closely miss Jorgrun.
You feel sick.
You slash Jorgrun!
Jorgrun's magic leaks into the air.
Jorgrun points at you and mumbles some strange words.
The iron shot hits you!!!
You die...

#...... #..... #.....#
#..... #######...?.#
#..... ............#
#..... #+##...........#
+.....
...#...........######+#.
#.....
...#..........(.........
######
...#...........)))......
......
...#............@g......
......
#''#..........####......
...... .........)..###
..... ......
..##........# ..##
...... #####.......## .#
.....# # #.##..#..# ..
....# ########.# # ...#
### ##


You could see Jorgrun.

Vanquished Creatures
  Rupert (D:12)
  A thorn hunter (Swamp:4)
  A nagaraja (Snake:3)
  Harold (Lair:2)
  Erolcha (Orc:1)
  2 vault guards (D:13)
  15 hydras
  A shambling mangrove (Swamp:2)
  A ghost crab (Swamp:3)
  4 naga warriors
  2 two-headed ogres
  Erica (D:9)
  2 centaur warriors (D:13)
  8 anacondas
  7 alligators
  A two-headed ogre (shapeshifter) (D:13)
  An ogre mage (D:15)
  6 orc high priests (Orc:2)
  4 shock serpents
  Nergalle (D:12)
  3 naga sharpshooters
  3 skeletal warriors
  11 spriggans
  2 unseen horrors
  A death drake (shapeshifter) (D:15)
  5 swamp dragons
  A spriggan druid (Swamp:4)
  A deep elf archer (D:15)
  A torturous demonspawn (Orc:2)
  A wizard (D:15)
  2 naga ritualists
  3 mana vipers (Snake:1)
  11 ugly things
  4 orc knights (Orc:2)
  8 orc sorcerers
  4 manticores
  3 cyclopes
  4 slime creatures
  4 elephants
  A rust devil (Orc:2)
  6 salamanders
  14 black mambas
  4 naga magi
  A guardian serpent (Snake:2)
  4 gargoyles
  30 spiny frogs
  A rime drake (shapeshifter) (D:15)
  5 komodo dragons
  2 swamp worm zombies (Swamp:4)
  An efreet (D:15)
  A redback zombie (D:15)
  3 rime drakes
  A komodo dragon (shapeshifter) (D:15)
  A hellwing (Orc:2)
  A tengu conjurer (D:13)
  A yaktaur (D:15)
  An ice devil (Orc:2)
  10 trolls
  A meliai (D:15)
  A hydra zombie (Swamp:4)
  A polar bear (Lair:1)
  12 hornets
  9 bog bodies
  12 tyrant leeches
  2 dream sheep (D:10)
  29 blink frogs
  Prince Ribbit (D:7)
  10 hippogriffs
  3 alligator zombies (Swamp:4)
  7 wyverns
  4 shadows
  28 yaks
  A basilisk (Lair:1)
  30 vampire mosquitoes
  A neqoxec (Orc:2)
  2 hungry ghosts
  2 wargs
  15 nagas
  12 swamp worms
  19 insubstantial wisps
  22 water moccasins
  7 porcupines
  2 black bears
  An eye of draining (D:12)
  12 ogres
  26 orc warriors
  21 ice beasts
  A hornet zombie (D:13)
  4 phantoms
  A necrophage (D:11)
  3 sky beasts
  8 swamp drakes
  2 swamp dragon zombies (Swamp:4)
  13 crocodiles
  11 centaurs
  23 bullfrogs
  12 big kobolds
  2 gnoll sergeants
  A wyvern zombie (D:11)
  5 scorpions
  A wyvern skeleton (D:6)
  11 killer bees
  15 wights
  5 howler monkeys
  2 electric eels
  7 crimson imps
  A bullfrog zombie (D:11)
  A quasit (D:8)
  2 centaur zombies
  8 hounds
  27 orc priests
  5 centaur skeletons
  19 jellies
  3 iguanas
  22 orc wizards
  10 worker ants
  A hound zombie (D:7)
  A hound skeleton (D:4)
  11 gnolls
  10 adders
  A howler monkey skeleton (D:6)
  4 shadow imps
  4 oozes
  2 adder zombies (D:7)
  2 adder skeletons
  2 worms
  4 dart slugs
  8 leopard geckos
  88 orcs
  2 ball pythons
  12 giant cockroaches
  12 goblins
  6 hobgoblins
  21 jackals
  25 kobolds
  4 quokkas
  7 bats
  3 frilled lizards
  A quokka zombie (D:5)
  8 rats
  5 fungi
  A plant (Lair:6)
984 creatures vanquished.

Vanquished Creatures (others)
  A bone dragon (Swamp:4)
  Aizul (Snake:1)
  An ettin (D:15)
  2 vault guards (D:14)
  A ghost crab (Swamp:4)
  2 anacondas (Snake:1)
  3 two-headed ogres
  A centaur warrior (D:15)
  A shock serpent (Snake:1)
  3 slime creatures
  A death drake (Swamp:4)
  3 spectral hydras (Swamp:4)
  A spriggan druid (Swamp:4)
  2 phantasmal warriors (Swamp:4)
  An orc knight (Orc:2)
  2 guardian serpents (Snake:1)
  3 naga magi
  A swamp worm zombie (Swamp:4)
  2 meliai (D:15)
  2 hydra zombies (Swamp:4)
  2 hornets (Swamp:4)
  4 spectral swamp dragons (Swamp:4)
  2 spriggans (Swamp:4)
  9 insubstantial wisps (Swamp:4)
  4 nagas (Snake:1)
  A swamp worm (Swamp:3)
  An orc warrior (D:9)
  4 phantoms (Swamp:4)
  2 swamp dragon zombies (Swamp:4)
  A centaur (D:5)
  3 ogres
  An adder (Snake:1)
  A swamp drake zombie (Swamp:4)
  2 ball pythons (Snake:1)
  5 briar patches (Swamp:4)
  16 fungi (Lair:6)
  54 plants
  12 starspawn tentacles
158 creatures vanquished.

Grand Total: 1142 creatures vanquished

Notes
Turn   | Place    | Note
-------+----------+-------------------------------------------
     0 | Abyss:1  | vurker the Formicid Abyssal Knight began the quest for the
                  | Orb.
     0 | Abyss:1  | Reached XP level 1. HP: 18/18 MP: 2/2
     1 | Abyss:1  | Found a corrupted altar of Lugonu.
    34 | D:1      | Escaped the Abyss
   281 | D:1      | Reached XP level 2. HP: 20/24 MP: 3/3
   937 | D:1      | Reached XP level 3. HP: 29/29 MP: 4/4
  1102 | D:1      | Reached ** piety under Lugonu
  1302 | D:1      | Reached skill level 3 in Axes
  1830 | D:2      | Reached XP level 4. HP: 37/37 MP: 6/6
  3207 | D:3      | Reached XP level 5. HP: 38/42 MP: 7/7
  3311 | D:3      | Reached *** piety under Lugonu
  3313 | D:3      | Found a sparkling altar of Nemelex Xobeh.
  3328 | D:3      | Found a bloodstained altar of Trog.
  3689 | D:3      | Found a runed translucent door.
  3690 | D:3      | Noticed Crazy Yiuf
  3746 | D:3      | Reached skill level 4 in Axes
  4002 | D:4      | Noticed an ogre
  4002 | D:4      | Noticed a phantom
  4003 | D:4      | Banished an ogre
  4029 | D:4      | Killed a phantom
  4029 | D:4      | Reached XP level 6. HP: 38/49 MP: 6/9
  4140 | D:4      | Reached skill level 5 in Axes
  4145 | D:4      | Reached XP level 7. HP: 11/55 MP: 10/10
  4555 | D:4      | Reached skill level 5 in Fighting
  5199 | D:4      | Found an opulent altar of Gozag.
  5333 | D:5      | Entered Level 5 of the Dungeon
  5341 | D:5      | Reached skill level 5 in Invocations
  5722 | D:5      | Found a burning altar of Makhleb.
  5757 | D:5      | Reached skill level 6 in Axes
  5797 | D:5      | Reached XP level 8. HP: 18/63 MP: 11/11
  6538 | D:5      | Found a white marble altar of Elyvilon.
  6546 | D:5      | Reached skill level 7 in Axes
  6947 | D:5      | Found Kygaut's Antique Armour Boutique.
  7453 | D:6      | Found a staircase to the Ecumenical Temple.
  7479 | D:6      | Reached XP level 9. HP: 35/71 MP: 13/13
  7764 | D:6      | Reached skill level 8 in Axes
  8116 | D:6      | Found a shimmering blue altar of Sif Muna.
  8253 | D:6      | Got a polished dagger
  8254 | D:6      | Identified the +4 dagger "Gejukk" {drain, rC++ Dex+2
                  | Stlth+} (You found it on level 6 of the Dungeon)
  8272 | D:6      | Found Qauvvenu's General Store.
  8725 | D:7      | Noticed Prince Ribbit
  8749 | D:7      | Killed Prince Ribbit
  9390 | D:8      | Noticed an unseen horror
  9414 | D:8      | Killed an unseen horror
  9414 | D:8      | Reached skill level 9 in Axes
  9693 | D:8      | Reached XP level 10. HP: 70/80 MP: 16/16
  9748 | D:8      | Reached **** piety under Lugonu
  9748 | D:8      | Reached skill level 1 in Shields
 10320 | D:8      | Found a shimmering blue altar of Sif Muna.
 10560 | D:8      | Found a staircase to the Lair.
 10683 | D:9      | Found a sacrificial altar of Ru.
 10937 | D:9      | Reached skill level 10 in Axes
 11574 | D:9      | Noticed Erica
 11583 | D:9      | Killed Erica
 12245 | D:10     | Entered Level 10 of the Dungeon
 12416 | D:10     | Noticed a two-headed ogre
 12417 | D:10     | Banished a two-headed ogre
 12711 | D:10     | Reached XP level 11. HP: 84/87 MP: 17/17
 12910 | D:10     | Reached skill level 11 in Axes
 13312 | D:10     | Reached skill level 5 in Shields
 13518 | D:10     | Noticed a three-headed hydra
 13527 | D:10     | Killed a one-headed hydra
 13608 | D:10     | Found Kifargho's Gadget Shop.
 13828 | D:11     | Reached skill level 10 in Invocations
 14386 | D:11     | Noticed a two-headed ogre
 14389 | D:11     | Banished a two-headed ogre
 14497 | D:11     | Reached skill level 12 in Axes
 14796 | D:11     | Found Tampatom's Distillery.
 15123 | D:5      | Bought a shiny plate armour for 702 gold pieces
 15231 | Lair:1   | Entered Level 1 of the Lair of Beasts
 15231 | Lair:1   | Noticed a five-headed hydra
 15387 | Lair:1   | Killed a one-headed hydra
 15387 | Lair:1   | Reached skill level 10 in Fighting
 15387 | Lair:1   | Reached XP level 12. HP: 47/97 MP: 19/19
 16391 | Lair:1   | Reached skill level 1 in Evocations
 16443 | Lair:1   | Reached ***** piety under Lugonu
 16740 | Lair:1   | Got an ichor-stained leather armour
 17143 | Lair:2   | Noticed Harold
 17401 | Lair:2   | Killed Harold
 17979 | Lair:2   | Reached skill level 13 in Axes
 18061 | Lair:2   | Found a runed translucent gate.
 18062 | Lair:2   | Found a runed translucent gate.
 18063 | Lair:2   | Found a runed translucent gate.
 18187 | Lair:2   | Noticed Deavvycs's ghost (journeyman TrHu)
 18187 | Lair:2   | Noticed an 11-headed hydra
 18187 | Lair:2   | Noticed a 12-headed hydra
 18204 | Lair:2   | Noticed Sonja
 18217 | Lair:2   | Banished Sonja
 18859 | Lair:2   | Found the +8 whip "Snakebite" {curare, rPois}
 19231 | Lair:3   | Reached XP level 13. HP: 79/105 MP: 21/21
 19419 | Lair:3   | Found a staircase to the Snake Pit.
 19836 | Lair:3   | Noticed an eight-headed hydra
 19844 | Lair:3   | Killed a three-headed hydra
 20416 | Lair:3   | Noticed a seven-headed hydra
 20437 | Lair:3   | Killed a two-headed hydra
 20871 | Lair:3   | Found a staircase to the Swamp.
 20872 | Lair:3   | Noticed a four-headed hydra
 20882 | Lair:3   | Killed a one-headed hydra
 22151 | Lair:5   | Noticed a four-headed hydra
 22162 | Lair:5   | Killed a one-headed hydra
 22162 | Lair:5   | Reached skill level 5 in Evocations
 22205 | Lair:5   | Found a frozen archway.
 22230 | Lair:5   | Reached skill level 14 in Axes
 22364 | IceCv    | Entered an ice cave
 22532 | IceCv    | Found a transporter.
 22555 | IceCv    | Found a transporter.
 22915 | Lair:5   | Identified a scroll of acquirement
 24088 | Lair:6   | Entered Level 6 of the Lair of Beasts
 24625 | Lair:5   | Reached XP level 14. HP: 91/114 MP: 23/23
 25845 | Lair:5   | Gained mutation: Your muscles are strong. (Str +2) [potion
                  | of mutation]
 25845 | Lair:5   | Gained mutation: You are robust. (+10% HP) [potion of
                  | mutation]
 26202 | Lair:6   | Found a staircase to the Slime Pits.
 26636 | Lair:6   | Reached skill level 15 in Axes
 28774 | D:12     | You are sucked into a shaft and drop 1 floor!
 28804 | D:13     | You are sucked into a shaft and drop 1 floor!
 29902 | D:14     | Reached XP level 15. HP: 109/134 MP: 8/25
 31010 | D:12     | Reached ****** piety under Lugonu
 31028 | D:12     | Found a staircase to the Orcish Mines.
 31178 | D:12     | Noticed Nergalle
 31200 | D:12     | Killed Nergalle
 31214 | D:12     | Reached skill level 16 in Axes
 31230 | D:12     | Noticed Rupert
 31239 | D:12     | Killed Rupert
 32206 | Orc:1    | Entered Level 1 of the Orcish Mines
 32847 | Orc:1    | Noticed Erolcha
 32860 | Orc:1    | Killed Erolcha
 33163 | Orc:2    | Entered Level 2 of the Orcish Mines
 33760 | Orc:2    | Found a staircase to the Elven Halls.
 34324 | Orc:2    | Found Ythronare's General Store.
 34328 | Orc:2    | Found Myapheos's General Store.
 35257 | Orc:2    | Reached skill level 10 in Shields
 35481 | Orc:2    | Reached XP level 16. HP: 121/144 MP: 8/26
 35980 | Orc:2    | Found Uzixag's Book Shoppe.
 35980 | Orc:2    | Found a one-way gate leading to the halls of Pandemonium.
 35980 | Orc:2    | Found Bupif's Antique Armour Emporium.
 35984 | Orc:2    | Bought a shiny plate armour for 780 gold pieces
 36581 | D:13     | Found a gate to the Vaults.
 37285 | D:14     | Got a heavily jewelled robe
 37301 | D:14     | Got a brightly glowing scythe
 37454 | D:14     | Got a brightly glowing mace
 37464 | D:15     | Entered Level 15 of the Dungeon
 37773 | D:15     | Reached skill level 10 in Evocations
 37877 | D:15     | Reached skill level 17 in Axes
 38104 | D:15     | Found a staircase to the Depths.
 38801 | D:15     | Noticed Seug Goo's ghost (journeyman MiBe)
 38806 | D:15     | Found a transporter.
 38808 | D:15     | Found a transporter.
 39977 | Swamp:1  | Entered Level 1 of the Swamp
 40315 | Swamp:1  | Found a runed translucent gate.
 40315 | Swamp:1  | Found a runed translucent gate.
 40316 | Swamp:1  | Found a runed translucent gate.
 40319 | Swamp:1  | Noticed DEFE's ghost (adept DrFi)
 41587 | Swamp:2  | Reached skill level 15 in Invocations
 43038 | Swamp:3  | Reached XP level 17. HP: 75/148 MP: 28/28
 44833 | Swamp:4  | Entered Level 4 of the Swamp
 45213 | Swamp:3  | Reached skill level 18 in Axes
 45799 | Swamp:4  | Noticed a thorn hunter
 45913 | Swamp:4  | Killed a thorn hunter
 46706 | Swamp:4  | Corrupted Swamp:4
 46706 | Swamp:4  | Noticed a bone dragon
 46706 | Swamp:4  | Noticed a bone dragon
 46706 | Swamp:4  | Noticed a tentacled starspawn
 46756 | Swamp:4  | Killed a bone dragon
 46812 | Swamp:4  | Noticed an Executioner
 46821 | Swamp:4  | Got a decaying rune of Zot
 47195 | Snake:1  | Entered Level 1 of the Snake Pit
 47349 | Snake:1  | Reached skill level 1 in Dodging
 47379 | Snake:1  | Noticed Aizul
 47400 | Snake:1  | Corrupted Snake:1
 47400 | Snake:1  | Noticed a tentacled starspawn
 47409 | Snake:1  | Killed Aizul
 50139 | Snake:2  | Reached XP level 18. HP: 112/157 MP: 29/29
 50415 | Snake:2  | Identified a +2 pair of boots of running (You acquired it
                  | on level 2 of the Snake Pit)
 50426 | Snake:2  | Got a scorched hunting sling
 50697 | Snake:3  | Reached skill level 15 in Fighting
 51603 | Snake:3  | Noticed Jorgrun
 51632 | Snake:3  | Killed from afar by Jorgrun

Levels and vault maps discovered:
D:1:      dpeg_arrival_tiny_a, layout_loops_corners, minmay_misc_feat_doors,
          minmay_pentomino_p2
D:2:      layout_basic, first_ration, serial_forest,
          infiniplex_forest_clump_tiny, infiniplex_forest_clump_small,
          infiniplex_forest_fountain, infiniplex_forest_clump_C,
          infiniplex_forest_corner_2, infiniplex_forest_lined_room_
D:3:      cheibrodos_helix_gallery, layout_basic, bloody_trog,
          nemelex_dance_club_becter, uniq_crazy_yiuf_cottage
D:4:      layout_basic, nicolae_overflow_hidden_temple
D:5:      layout_basic, elyvilon_altar_5, basic_altar, serial_shops,
          nicolae_shop_waterfront
D:6:      layout_basic, minmay_temple_entry_ruins, serial_shops, shop,
          lemuel_blue_sif_altar
D:7:      layout_basic, serial_bayou_ford_a, uniq_prince_ribbit1
D:8:      kennysheep_orc_sif_temple, layout_basic, lair_entry_dummy
D:9:      layout_loops_cross, nicolae_ru_sacrificial_ziggurat, uniq_erica
D:10:     layout_stronghold, serial_shops, shop_statue, hangedman_ranch
          [blue_anna_fruit_fields]
D:11:     layout_basic, serial_shops, kennysheep_mini_moat
D:12:     layout_roguey, kennysheep_orc_monster_closet_entryway, uniq_rupert,
          uniq_nergalle
D:13:     layout_long_grid, lightli_vaults_fourway_checkpoint,
          hangedman_abyss_or_decor_lesser_grid
D:14:     layout_basic, infiniplex_staircase_9_rooms
D:15:     hangedman_depths_entry_civil_slaughter, layout_basic,
          gammafunk_ghost_hive, serial_park_square2
Lair:1:   layout_cave_pods
Lair:2:   minmay_guarded_unrand_snakebite, layout_regular_city,
          gammafunk_ghost_hydra_chop, serial_bayou_pond_b, uniq_harold,
          uniq_sonja
Lair:3:   layout_chaotic_city, palyth_hydra_swamp_entry,
          guppyfry_snake_entry_island, grunt_megastairs_5
Lair:4:   layout_cave_pods, grunt_megastairs_3, serial_bayou_shore_b,
          infiniplex_staircase_pool_2
Lair:5:   layout_hall_layers, portal_ice_cave_entry_ice_beasts
Lair:6:   minmay_lair_end_frog_pond, layout_small_grid,
          minmay_slime_entry_jelly_boxes, st_stairs_7
Swamp:1:  layout_basic_swamp, ebering_ghost_rock_garden,
          evilmike_swamp_ruin_house_4, swamp_pool1
Swamp:2:  layout_falls_marsh, hangedman_swamp_ruin_hall
Swamp:3:  layout_basic_swamp, hangedman_swamp_lotus, swamp_pool2
Swamp:4:  swamp_pestilence, layout_basic_swamp, infiniplex_staircase_pool
Snake:1:  layout_chambers, grunt_ministairs_14, hangedman_snake_corridor_cut,
          uniq_aizul
Snake:2:  layout_rooms
Snake:3:  layout_cave_town, uniq_jorgrun
Orc:1:    layout_caves, uniq_erolcha
Orc:2:    pf_orc_diabolical, layout_caves

Skill      XL: |  1  2  3  4  5  6  7  8  9 10 11 12 13 14 15 16 17 18 |
---------------+-------------------------------------------------------+-----
Axes           | 3 4 5 6 7 9 10 12 13 14 15 16 17 18 | 18.6
Invocations    | 3 4 5 6 8 9 10 11 12 13 14 15 16 | 16.1
Fighting       | 4 5 6 7 8 10 11 12 13 14 15 | 15.0
Shields        | 4 6 8 9 10 11 12 | 12.7
Evocations     | 3 6 8 9 10 | 10.0
Dodging        | 2 3 |  3.0
Armour         | 3 4 |  4.2

Action                   |  1- 3 |  4- 6 |  7- 9 | 10-12 | 13-15 | 16-18 || total
-------------------------+-------+-------+-------+-------+-------+-------++-------
Melee: Hand axe          |   105 |   111 |       |    13 |   598 |       ||   827
       Broad axe         |       |   107 |   247 |       |   799 |   289 ||  1442
       War axe           |       |       |    64 |   701 |   228 |       ||   993
       Battleaxe         |       |       |       |       |       |   931 ||   931
       Demon whip        |       |       |       |       |       |    66 ||    66
Invok: Banish            |       |     1 |     3 |     7 |     6 |    11 ||    28
       Bend Space        |       |       |       |       |     1 |     2 ||     3
       Corrupt           |       |       |       |       |       |     2 ||     2
 Abil: Dig               |       |       |       |       |     5 |       ||     5
Evoke: Wand              |       |     4 |     4 |     5 |     7 |     1 ||    21
  Use: Scroll            |     2 |     7 |     5 |     9 |    10 |     7 ||    40
       Potion            |       |       |       |       |     2 |     3 ||     5
  Eat: Chunk             |     3 |     5 |    29 |    30 |    57 |    53 ||   177
       Ration            |       |     1 |       |       |       |       ||     1
Armor: Leather armour    |    22 |       |       |       |       |       ||    22
       Chain mail        |     5 |   175 |   164 |       |       |       ||   344
       Plate armour      |       |       |    72 |   259 |   387 |   382 ||  1100
       Skin              |       |       |       |       |    26 |       ||    26
Dodge: Dodged            |    47 |   113 |   157 |   273 |   477 |   380 ||  1447
Block: Shield            |       |       |     3 |   341 |   495 |       ||   839
       Large shield      |       |       |       |       |   300 |  1133 ||  1433

Table legend:
 A = Non-vault XP
 B = Vault XP
 C = Vault XP percentage of total XP
 D = Non-vault monster count
 E = Vault monster count
 F = Vault count percentage of total count
                 A         B        C        D         E       F
            +---------+---------+-------+---------+---------+-------
      Total |  155820 |   63650 |  29.0 |     751 |     250 |  25.0
            +---------+---------+-------+---------+---------+-------
        D:1 |      63 |       2 |   3.1 |      28 |       1 |   3.4
        D:2 |      42 |       0 |   0.0 |      22 |       0 |   0.0
        D:3 |      72 |      20 |  21.7 |      27 |       4 |  12.9
        D:4 |     595 |       0 |   0.0 |      29 |       0 |   0.0
        D:5 |     935 |       0 |   0.0 |      27 |       0 |   0.0
        D:6 |     646 |       0 |   0.0 |      20 |       0 |   0.0
        D:7 |     335 |     255 |  43.2 |      10 |       1 |   9.1
        D:8 |    2206 |     245 |  10.0 |      21 |       4 |  16.0
        D:9 |    1343 |     918 |  40.6 |      23 |       1 |   4.2
       D:10 |    1838 |    2238 |  54.9 |      26 |       8 |  23.5
       D:11 |    3812 |       0 |   0.0 |      44 |       0 |   0.0
       D:12 |    6363 |    5259 |  45.3 |      37 |      22 |  37.3
       D:13 |   11180 |    3304 |  22.8 |      62 |      10 |  13.9
       D:14 |    9227 |    1915 |  17.2 |      25 |       4 |  13.8
       D:15 |    8736 |    3677 |  29.6 |      27 |       6 |  18.2
     Lair:1 |    4870 |     230 |   4.5 |      22 |       2 |   8.3
     Lair:2 |    1978 |    3478 |  63.7 |       8 |      15 |  65.2
     Lair:3 |    3385 |    3122 |  48.0 |      12 |       9 |  42.9
     Lair:4 |    1449 |     103 |   6.6 |       6 |       1 |  14.3
     Lair:5 |    6458 |    4328 |  40.1 |      24 |      19 |  44.2
     Lair:6 |    4277 |   11098 |  72.2 |      15 |      53 |  77.9
    Swamp:1 |    2631 |       0 |   0.0 |      11 |       0 |   0.0
    Swamp:2 |   14735 |       0 |   0.0 |      41 |       0 |   0.0
    Swamp:3 |   17256 |       0 |   0.0 |      46 |       0 |   0.0
    Swamp:4 |   13525 |    2745 |  16.9 |      32 |      11 |  25.6
    Snake:1 |    9789 |    3903 |  28.5 |      16 |       8 |  33.3
    Snake:2 |    8137 |       0 |   0.0 |      19 |       0 |   0.0
    Snake:3 |   13676 |       0 |   0.0 |      21 |       0 |   0.0
      Orc:1 |    3544 |    1144 |  24.4 |      30 |       2 |   6.2
      Orc:2 |    2717 |   14310 |  84.0 |      20 |      62 |  75.6
      IceCv |       0 |    1356 | 100.0 |       0 |       7 | 100.0
            +---------+---------+-------+---------+---------+-------
